 Dungeon Crawl Stone Soup version 0.18.1-47-g9310371 (webtiles) character file.

146 sveltemanboy the Cudgeler (level 5, 0/53 HPs)
             Began as an Ogre Hunter on June 16, 2016.
             Slain by a gnoll
             ... wielding a +0 flail
              (1 damage)
             ... on level 3 of the Dungeon.
             The game lasted 00:05:47 (2632 turns).

sveltemanboy the Cudgeler (Ogre Hunter)             Turns: 2632, Time: 00:05:48

Health: 0/53       AC:  3    Str: 18    XL:     5   Next: 28%
Magic:  5/5        EV: 10    Int: 10    God:
Gold:   90         SH:  0    Dex: 10    Spells: 0 memorised, 4 levels left

rFire  . . .     SeeInvis .     e - +0 mace
rCold  . . .     Gourm    .     b - +0 robe
rNeg   . . .     Faith    +     (no shield)
rPois  .         Spirit   .     (helmet restricted)
rElec  .         Dismiss  .     (no cloak)
rCorr  .         Reflect  .     (gloves unavailable)
SustAt .         Harm     .     (boots unavailable)
MR     .....                    n - amulet of faith
Stlth  +.........               (no ring)
                                (no ring)

@: not resistant to hostile enchantments, very unstealthy
A: unfitting armour, tough skin 1
a: no special abilities


You were on level 3 of the Dungeon.
You were not hungry.

You visited 1 branch of the dungeon, and saw 3 of its levels.

You collected 90 gold pieces.

Inventory:

Hand Weapons
 e - a +0 mace (weapon)
Missiles
 c - a large rock (quivered)
 d - 2 throwing nets
Armour
 b - a +0 robe (worn)
Jewellery
 n - an amulet of faith (around neck)
Scrolls
 g - 3 scrolls of fog
 h - a scroll of random uselessness {unknown}
 i - a scroll of enchant weapon {unknown}
 j - a scroll of remove curse
 k - 4 scrolls of amnesia {unknown}
 m - a scroll of enchant armour {unknown}
 o - a scroll of noise {unknown}
 s - a scroll of immolation {unknown}
Potions
 l - a potion of berserk rage {unknown}
 p - a potion of agility {unknown}
 q - a potion of mutation {unknown}
 t - a potion of cancellation {unknown}
Comestibles
 f - a bread ration
 r - a chunk of flesh


   Skills:
 - Level 3.0 Fighting
 * Level 5.0 Maces & Flails
 + Level 4.6 Throwing
 - Level 2.1 Dodging
 - Level 0.7 Stealth


You had 4 spell levels left.
You didn't know any spells.

Dungeon Overview and Level Annotations

Branches:
Dungeon (3/15)

Altars:
Makhleb
Qazlal


Innate Abilities, Weirdness & Mutations

You are too large for most types of armour.
You have tough skin (AC +1).


Message History

* * * LOW HITPOINT WARNING * * *
Unknown command.
Throwing (i - inventory. (,) - cycle):
c - 2 large rocks (quivered)
Press: ? - help, Shift-Dir - straight line, f - goblin
Aim: a goblin You throw a large rock.
The large rock hits the goblin!!
You kill the goblin!
Your Maces & Flails skill increases to level 5!
The giant cockroach barely misses you. The kobold closely misses you.
The gnoll hits you with a flail!
* * * LOW HITPOINT WARNING * * *
The gnoll hits you.
* * * LOW HITPOINT WARNING * * *
The giant cockroach closely misses you. The kobold hits you.
* * * LOW HITPOINT WARNING * * *
Drink which item? (? for menu, Esc to quit)
It was a potion of curing.
You feel better. The gnoll hits you!
* * * LOW HITPOINT WARNING * * *
The gnoll hits you with a flail.
You die...

...............###
.................##
s.###..............
. #..(.........#
#..........#.#
##....(...##
#..........#
#......sgK.#
#......(@g.#
#.$.............
#...............
..............(..
..........#######
.###.......
#....... #.......


You could see 2 gnolls, a giant cockroach and a kobold.

Vanquished Creatures
  A hound (D:3)
  2 gnolls (D:3)
  3 adders
  6 dart slugs
  3 giant geckos
  A ball python (D:1)
  5 bats
  5 giant cockroaches
  3 goblins
  7 hobgoblins
  5 giant newts
  10 kobolds
  6 rats
57 creatures vanquished.

Notes
Turn   | Place    | Note
--------------------------------------------------------------
     0 | D:1      | sveltemanboy the Ogre Hunter began the quest for the Orb.
     0 | D:1      | Reached XP level 1. HP: 22/22 MP: 1/1
   355 | D:1      | Reached XP level 2. HP: 26/29 MP: 2/2
  1019 | D:1      | Reached skill level 1 in Maces & Flails
  1098 | D:1      | Reached XP level 3. HP: 32/37 MP: 3/3
  1293 | D:1      | Reached skill level 2 in Maces & Flails
  1628 | D:2      | Reached skill level 3 in Maces & Flails
  1841 | D:2      | Reached XP level 4. HP: 41/45 MP: 4/4
  2181 | D:2      | Found a stormy altar of Qazlal.
  2343 | D:2      | Found a burning altar of Makhleb.
  2343 | D:2      | Noticed an Executioner
  2515 | D:3      | Reached skill level 4 in Maces & Flails
  2612 | D:3      | Reached XP level 5. HP: 48/53 MP: 5/5
  2631 | D:3      | Reached skill level 5 in Maces & Flails
  2631 | D:3      | HP: 2/53 [kobold (1)]
  2632 | D:3      | Slain by a gnoll

Skill      XL: |  1  2  3  4  5 |
---------------+----------------+-----
Dodging        | 2 |  2.1
Fighting       | 3 |  3.0
Maces & Flails | 1 3 4 5 |  5.0
Throwing       | |  4.6
Stealth        | |  0.7

Action                   |  1- 3 |  4- 6 || total
-------------------------+-------+-------++-------
Melee: Unarmed           |    48 |       ||    48
       Mace              |    61 |    82 ||   143
Throw: Large rock        |    19 |     6 ||    25
  Use: Scroll            |     2 |       ||     2
       Potion            |       |     1 ||     1
  Eat: Chunk             |     3 |     3 ||     6
Armor: Robe              |    23 |    30 ||    53
Dodge: Dodged            |    53 |    65 ||   118
